Connexion

Griffins vs Wild

Created - 26 décembre 2023 at 05:53

Goals
1 2 3 T
Griffins 0 2 1 3
Wild 2 0 2 4
Shots
1 2 3 T
Griffins 6 6 14 26
Wild 8 18 13 39

GoalsPenalties
1st period
1. Wild , Michael Mersch 11 (Kasper Bjorkqvist 19, Eemeli Rasanen 8) at 10:05
2. Wild , Taylor Raddysh 25 (Danick Martel 15, Ben Gleason 43) at 16:20
Michael Mersch (IOW) for Roughing (Double Minor) at 0:56
Gabriel Carlsson (GRG) for Holding (Minor) at 7:35
2nd period
3. Griffins , Jack Dugan 4 (Tyler Benson 22, Jake Walman 22) at 4:24
4. Griffins , Jack Dugan 5 (Jack Ahcan 20, Gabriel Carlsson 14) at 14:58
Jalen Chatfield (IOW) for Holding (Minor) at 1:35
Jack Ahcan (GRG) for Tripping (Minor) at 6:51
3rd period
5. Wild , Lukas Jasek 9 (Tanner Pearson 25, Jalen Chatfield 30) at 10:29
6. Griffins , Shane Gersich 3 (Gabriel Carlsson 15, Jack Ahcan 21) at 16:25 (PP)
7. Wild , Tanner Pearson 16 (Joseph Gambardella 20, Dillon Simpson 22) at 19:56
Shane Gersich (GRG) for Slashing (Minor) at 11:32
Eemeli Rasanen (IOW) for Hooking (Minor) at 13:34
Taylor Raddysh (IOW) for Delaying the game (Minor) at 16:15
Goalie Stats
Justus Annunen (GRG), 35 saves from 39 shots - (0,897), L, 23-17-4, 60:00 minutes
Maxime Lagace (IOW), 23 saves from 26 shots - (0,885), W, 27-14-0, 60:00 minutes
3 StarsOfficial
1 - Tanner Pearson (IOW)
2 - Jack Dugan (GRG)
3 - Danick Martel (IOW)
Referees : Chris Rooney and Gord Dwyer
Linesman : Steve Barton and Dan Schachte
Game Note
No Game Note
Finance
Level 1 -- Attendance: 1612 (80,60%) -- Ticket Income $64,480
Level 2 -- Attendance: 974 (97,40%) -- Ticket Income $19,480
Total Attendance: 2586 (86,20%)
Total Ticket Income: $83,960
Other Income: $16,792
Total Income: $100,752



Team Name Goals Shots Shots Attemp Shots Blocked PIM HIT PP PK FO%
Griffins 3265296151 / 5 (20%)049%
Wild 43987710200 / 3 (0%)151%

Griffins
Player Name POS G A P +/- PIM HIT SHT SB MP PP MP PP SHT PK MP PK SHT FO% FOT
Aidan DudasC/LW000-1001012:300:0000:00043% 14
Alexander VolkovLW/RW000-2044120:544:1310:260100% 1
Drew O'ConnorLW000000000:000:0000:0000% 0
Dylan CoghlanD000-1000014:200:0001:4600% 0
Gabriel CarlssonD0220221021:323:3502:2000% 0
Ivan ChekhovichLW000000000:000:0000:0000% 0
Jack AhcanD0220221320:173:3501:0500% 0
Jack DuganLW2021003010:590:0000:0000% 0
Jacob LarssonD000-1012025:224:3223:0600% 0
Jake WalmanD011-1012325:224:3213:0600% 0
Jonathan DahlenLW000000001:190:0001:1900% 1
Marc McLaughlinC000-1030026:403:5404:04050% 22
Nick MerkleyRW0001013022:183:5421:130100% 3
Parker WotherspoonD000-1010013:050:0000:3100% 0
Pavel DorofeyevLW/RW000-1001012:300:0000:0000% 0
Sasha ChmelevskiC/RW000-2002121:554:1311:27048% 33
Shane GersichC/LW101-2204121:074:1320:40050% 2
Tyler BensonLW0111002023:503:5402:45047% 17
Wild
Player Name POS G A P +/- PIM HIT SHT SB MP PP MP PP SHT PK MP PK SHT FO% FOT
Anders BjorkLW/RW0001023022:372:3605:14167% 3
Anthony LouisC/LW0001015018:073:2110:000100% 1
Antti SuomelaC000000000:000:0000:0000% 0
Ben GleasonD0110032321:153:0313:1700% 0
Ben ThomasD0001002112:590:0000:1700% 0
Connor HobbsD0000010120:413:0302:4300% 0
Danick MartelC/LW0111044020:433:2102:36061% 23
Dillon SimpsonD0111004026:202:5405:0700% 0
Eemeli RasanenD0111210013:490:0001:0800% 0
Jalen ChatfieldD0111231224:542:5413:4200% 0
Jeremy GregoireC/LW/RW000-1001012:350:0000:00063% 16
Joseph GambardellaC/LW0111012020:092:3602:46040% 25
Kasper BjorkqvistLW/RW011-1001012:520:0000:1700% 1
Lukas JasekC/RW101100203:480:0000:00043% 7
Michael MerschLW/RW101-1402012:340:0000:0000% 1
Ryan KuffnerLW000100003:480:0000:000100% 1
Tanner PearsonLW1122049026:322:3625:21031% 13
Taylor RaddyshRW1011201018:063:2100:000100% 2



Play-by-Play

1st period


0:01 of 1st period - Marc McLaughlin wins face-off versus Tanner Pearson in neutral zone.
0:23 of 1st period - Shot by Joseph Gambardella.
0:23 of 1st period - Stopped by Justus Annunen without a rebound.
0:24 of 1st period - Sasha Chmelevski wins face-off versus Danick Martel in Griffins zone.
0:42 of 1st period - Shot by Sasha Chmelevski.
0:42 of 1st period - Stopped by Maxime Lagace without a rebound.
0:43 of 1st period - Jeremy Gregoire wins face-off versus Aidan Dudas in Wild zone.
0:43 of 1st period - Jeremy Gregoire is hit by Marc McLaughlin.
0:56 of 1st period - Double Minor Penalty to Michael Mersch for Roughing.
0:57 of 1st period - Marc McLaughlin wins face-off versus Tanner Pearson in Wild zone.
1:25 of 1st period - Off-side.
1:26 of 1st period - Tanner Pearson wins face-off versus Sasha Chmelevski in neutral zone.
1:41 of 1st period - Shot by Alexander Volkov.
1:41 of 1st period - Shot Misses the Net.
1:43 of 1st period - Shot by Alexander Volkov.
1:43 of 1st period - Stopped by Maxime Lagace without a rebound.
1:44 of 1st period - Joseph Gambardella wins face-off versus Marc McLaughlin in Wild zone.
2:21 of 1st period - Shot by Tyler Benson.
2:21 of 1st period - Shot Misses the Net.
2:54 of 1st period - Shot by Gabriel Carlsson.
2:54 of 1st period - Deflect By Sasha Chmelevski.
2:54 of 1st period - Stopped by Maxime Lagace without a rebound.
2:55 of 1st period - Sasha Chmelevski wins face-off versus Tanner Pearson in Wild zone.
3:08 of 1st period - Shot by Jacob Larsson.
3:08 of 1st period - Shot Misses the Net.
3:10 of 1st period - Shot by Jake Walman.
3:10 of 1st period - Shot Blocked by Ben Gleason.
3:12 of 1st period - Shot by Jake Walman.
3:12 of 1st period - Stopped by Maxime Lagace with a rebound.
3:14 of 1st period - Shot by Sasha Chmelevski.
3:14 of 1st period - Shot Misses the Net.
3:16 of 1st period - Shot by Alexander Volkov.
3:16 of 1st period - Shot Blocked by Ben Gleason.
3:40 of 1st period - Shot by Nick Merkley.
3:40 of 1st period - Stopped by Maxime Lagace without a rebound.
3:41 of 1st period - Tanner Pearson wins face-off versus Marc McLaughlin in Wild zone.
4:14 of 1st period - Nick Merkley is hit by Ben Gleason and loses puck.
5:11 of 1st period - Icing by Eemeli Rasanen.
5:12 of 1st period - Tyler Benson wins face-off versus Jeremy Gregoire in Wild zone.
5:12 of 1st period - Tyler Benson is hit by Eemeli Rasanen.
5:21 of 1st period - Icing by Jeremy Gregoire.
5:22 of 1st period - Jeremy Gregoire wins face-off versus Tyler Benson in Wild zone.
5:26 of 1st period - Michael Mersch is hit by Jack Ahcan and loses puck.
5:54 of 1st period - Icing by Gabriel Carlsson.
5:55 of 1st period - Tyler Benson wins face-off versus Joseph Gambardella in Griffins zone.
6:08 of 1st period - Shot by Tanner Pearson.
6:08 of 1st period - Shot Misses the Net.
6:10 of 1st period - Shot by Joseph Gambardella.
6:10 of 1st period - Shot Blocked by Jack Ahcan.
6:12 of 1st period - Shot by Anders Bjork.
6:12 of 1st period - Shot Misses the Net.
6:14 of 1st period - Shot by Anders Bjork.
6:14 of 1st period - Stopped by Justus Annunen with a rebound.
6:25 of 1st period - Icing by Jack Ahcan.
6:26 of 1st period - Danick Martel wins face-off versus Tyler Benson in Griffins zone.
6:36 of 1st period - Jack Ahcan is hit by Anthony Louis and loses puck.
7:07 of 1st period - Icing by Gabriel Carlsson.
7:08 of 1st period - Joseph Gambardella wins face-off versus Tyler Benson in Griffins zone.
7:35 of 1st period - Minor Penalty to Gabriel Carlsson for Holding.
7:36 of 1st period - Danick Martel wins face-off versus Marc McLaughlin in Griffins zone.
7:43 of 1st period - Shot by Danick Martel.
7:43 of 1st period - Deflect By Taylor Raddysh.
7:43 of 1st period - Shot Blocked by Jake Walman.
8:03 of 1st period - Shot by Ben Gleason.
8:03 of 1st period - Shot Hit the Post.
8:46 of 1st period - Shot by Jalen Chatfield.
8:46 of 1st period - Shot Misses the Net.
8:48 of 1st period - Shot by Joseph Gambardella.
8:48 of 1st period - Deflect By Tanner Pearson.
8:48 of 1st period - Stopped by Justus Annunen without a rebound.
8:49 of 1st period - Anders Bjork wins face-off versus Jonathan Dahlen in Griffins zone.
9:15 of 1st period - Off-side.
9:16 of 1st period - Danick Martel wins face-off versus Marc McLaughlin in neutral zone.
9:21 of 1st period - Shot by Ben Gleason.
9:21 of 1st period - Shot Hit the Post.
10:03 of 1st period - Shot by Kasper Bjorkqvist.
10:03 of 1st period - Shot Blocked by Alexander Volkov.
10:05 of 1st period - Shot by Michael Mersch.
10:05 of 1st period - Goal by Michael Mersch - Griffins : 0 - Wild : 1.
10:06 of 1st period - Lukas Jasek wins face-off versus Aidan Dudas in neutral zone.
11:13 of 1st period - Shot by Anthony Louis.
11:13 of 1st period - Shot Misses the Net.
11:24 of 1st period - Icing by Jack Ahcan.
11:25 of 1st period - Aidan Dudas wins face-off versus Jeremy Gregoire in Griffins zone.
12:04 of 1st period - Shot by Kasper Bjorkqvist.
12:04 of 1st period - Shot Misses the Net.
12:06 of 1st period - Shot by Michael Mersch.
12:06 of 1st period - Shot Misses the Net.
12:34 of 1st period - Icing by Tyler Benson.
12:35 of 1st period - Danick Martel wins face-off versus Tyler Benson in Griffins zone.
12:40 of 1st period - Shot by Danick Martel.
12:40 of 1st period - Shot Misses the Net.
13:12 of 1st period - Shot by Taylor Raddysh.
13:12 of 1st period - Shot Misses the Net.
13:17 of 1st period - Icing by Dylan Coghlan.
13:18 of 1st period - Nick Merkley wins face-off versus Joseph Gambardella in Griffins zone.
13:18 of 1st period - Nick Merkley is hit by Anders Bjork.
14:34 of 1st period - Kasper Bjorkqvist is hit by Alexander Volkov and loses puck.
15:24 of 1st period - Icing by Connor Hobbs.
15:25 of 1st period - Danick Martel wins face-off versus Sasha Chmelevski in Wild zone.
15:38 of 1st period - Shot by Ben Gleason.
15:38 of 1st period - Stopped by Justus Annunen without a rebound.
15:39 of 1st period - Nick Merkley wins face-off versus Lukas Jasek in Griffins zone.
15:39 of 1st period - Nick Merkley is hit by Tanner Pearson.
15:53 of 1st period - Shot by Jack Dugan.
15:53 of 1st period - Stopped by Maxime Lagace without a rebound.
15:54 of 1st period - Danick Martel wins face-off versus Aidan Dudas in Wild zone.
15:54 of 1st period - Danick Martel is hit by Marc McLaughlin.
16:18 of 1st period - Shot by Danick Martel.
16:18 of 1st period - Shot Misses the Net.
16:20 of 1st period - Shot by Taylor Raddysh.
16:20 of 1st period - Goal by Taylor Raddysh - Griffins : 0 - Wild : 2.
16:21 of 1st period - Joseph Gambardella wins face-off versus Sasha Chmelevski in neutral zone.
16:26 of 1st period - Icing by Parker Wotherspoon.
16:27 of 1st period - Shane Gersich wins face-off versus Joseph Gambardella in Griffins zone.
17:59 of 1st period - Off-side.
18:00 of 1st period - Jeremy Gregoire wins face-off versus Aidan Dudas in neutral zone.
18:20 of 1st period - Shot by Michael Mersch.
18:20 of 1st period - Shot Misses the Net.
19:12 of 1st period - Danick Martel is hit by Jacob Larsson and loses puck.
19:25 of 1st period - Shot by Danick Martel.
19:25 of 1st period - Stopped by Justus Annunen without a rebound.
19:26 of 1st period - Joseph Gambardella wins face-off versus Sasha Chmelevski in Griffins zone.
19:26 of 1st period - Joseph Gambardella is hit by Parker Wotherspoon.
19:38 of 1st period - Shot by Tanner Pearson.
19:38 of 1st period - Stopped by Justus Annunen without a rebound.
19:39 of 1st period - Sasha Chmelevski wins face-off versus Lukas Jasek in Griffins zone.
19:52 of 1st period - Tanner Pearson is hit by Alexander Volkov and loses puck.
Goals for this period are 0 for Griffins vs 2 for Wild.
Shots for this period are 6 for Griffins vs 8 for Wild.

2nd period


0:01 of 2nd period - Marc McLaughlin wins face-off versus Joseph Gambardella in neutral zone.
0:01 of 2nd period - Marc McLaughlin is hit by Joseph Gambardella.
0:24 of 2nd period - Shot by Tyler Benson.
0:24 of 2nd period - Shot Blocked by Jalen Chatfield.
0:34 of 2nd period - Shot by Anders Bjork.
0:34 of 2nd period - Deflect By Tanner Pearson.
0:34 of 2nd period - Stopped by Justus Annunen without a rebound.
0:35 of 2nd period - Taylor Raddysh wins face-off versus Sasha Chmelevski in Griffins zone.
0:36 of 2nd period - Shot by Danick Martel.
0:36 of 2nd period - Stopped by Justus Annunen without a rebound.
0:37 of 2nd period - Danick Martel wins face-off versus Sasha Chmelevski in Griffins zone.
0:37 of 2nd period - Anthony Louis is hit by Gabriel Carlsson and loses puck.
1:35 of 2nd period - Minor Penalty to Jalen Chatfield for Holding.
1:36 of 2nd period - Marc McLaughlin wins face-off versus Tanner Pearson in Wild zone.
1:59 of 2nd period - Shot by Jacob Larsson.
1:59 of 2nd period - Shot Misses the Net.
2:01 of 2nd period - Shot by Jacob Larsson.
2:01 of 2nd period - Stopped by Maxime Lagace without a rebound.
2:02 of 2nd period - Tanner Pearson wins face-off versus Marc McLaughlin in Wild zone.
2:43 of 2nd period - Sasha Chmelevski is hit by Danick Martel and loses puck.
3:09 of 2nd period - Icing by Gabriel Carlsson.
3:10 of 2nd period - Tanner Pearson wins face-off versus Sasha Chmelevski in Griffins zone.
3:10 of 2nd period - Tanner Pearson is hit by Gabriel Carlsson.
3:44 of 2nd period - Shot by Danick Martel.
3:44 of 2nd period - Stopped by Justus Annunen with a rebound.
3:46 of 2nd period - Shot by Danick Martel.
3:46 of 2nd period - Shot Misses the Net.
3:48 of 2nd period - Shot by Taylor Raddysh.
3:48 of 2nd period - Shot Misses the Net.
3:50 of 2nd period - Shot by Ben Thomas.
3:50 of 2nd period - Stopped by Justus Annunen with a rebound.
4:00 of 2nd period - Shot by Eemeli Rasanen.
4:00 of 2nd period - Shot Misses the Net.
4:02 of 2nd period - Shot by Danick Martel.
4:02 of 2nd period - Shot Misses the Net.
4:10 of 2nd period - Shot by Danick Martel.
4:10 of 2nd period - Stopped by Justus Annunen without a rebound.
4:11 of 2nd period - Tyler Benson wins face-off versus Jeremy Gregoire in Griffins zone.
4:24 of 2nd period - Shot by Jack Dugan.
4:24 of 2nd period - Goal by Jack Dugan - Griffins : 1 - Wild : 2.
4:25 of 2nd period - Jeremy Gregoire wins face-off versus Tyler Benson in neutral zone.
4:43 of 2nd period - Shot by Jeremy Gregoire.
4:43 of 2nd period - Stopped by Justus Annunen without a rebound.
4:44 of 2nd period - Sasha Chmelevski wins face-off versus Joseph Gambardella in Griffins zone.
4:50 of 2nd period - Off-side.
4:51 of 2nd period - Joseph Gambardella wins face-off versus Sasha Chmelevski in neutral zone.
6:13 of 2nd period - Shot by Anthony Louis.
6:13 of 2nd period - Stopped by Justus Annunen without a rebound.
6:14 of 2nd period - Aidan Dudas wins face-off versus Kasper Bjorkqvist in Griffins zone.
6:27 of 2nd period - Shot by Michael Mersch.
6:27 of 2nd period - Stopped by Justus Annunen without a rebound.
6:28 of 2nd period - Lukas Jasek wins face-off versus Tyler Benson in Griffins zone.
6:46 of 2nd period - Ryan Kuffner is hit by Jack Ahcan and loses puck.
6:49 of 2nd period - Shot by Tanner Pearson.
6:49 of 2nd period - Stopped by Justus Annunen with a rebound.
6:51 of 2nd period - Shot by Ben Thomas.
6:51 of 2nd period - Deflect By Tanner Pearson.
6:51 of 2nd period - Stopped by Justus Annunen without a rebound.
6:51 of 2nd period - Minor Penalty to Jack Ahcan for Tripping.
6:52 of 2nd period - Danick Martel wins face-off versus Marc McLaughlin in Griffins zone.
6:55 of 2nd period - Shot by Taylor Raddysh.
6:55 of 2nd period - Shot Misses the Net.
6:57 of 2nd period - Shot by Anthony Louis.
6:57 of 2nd period - Stopped by Justus Annunen without a rebound.
6:58 of 2nd period - Marc McLaughlin wins face-off versus Danick Martel in Griffins zone.
7:09 of 2nd period - Shot by Jalen Chatfield.
7:09 of 2nd period - Stopped by Justus Annunen without a rebound.
7:10 of 2nd period - Joseph Gambardella wins face-off versus Marc McLaughlin in Griffins zone.
7:33 of 2nd period - Shot by Anders Bjork.
7:33 of 2nd period - Shot Misses the Net.
8:06 of 2nd period - Off-side.
8:07 of 2nd period - Danick Martel wins face-off versus Marc McLaughlin in neutral zone.
8:16 of 2nd period - Shot by Danick Martel.
8:16 of 2nd period - Shot Misses the Net.
8:20 of 2nd period - Shot by Ben Gleason.
8:20 of 2nd period - Stopped by Justus Annunen with a rebound.
9:43 of 2nd period - Shot by Tanner Pearson.
9:43 of 2nd period - Shot Misses the Net.
10:16 of 2nd period - Shot by Joseph Gambardella.
10:16 of 2nd period - Shot Misses the Net.
10:18 of 2nd period - Shot by Anders Bjork.
10:18 of 2nd period - Stopped by Justus Annunen without a rebound.
10:19 of 2nd period - Danick Martel wins face-off versus Aidan Dudas in Griffins zone.
12:02 of 2nd period - Icing by Ben Thomas.
12:03 of 2nd period - Jeremy Gregoire wins face-off versus Sasha Chmelevski in Wild zone.
12:14 of 2nd period - Shot by Alexander Volkov.
12:14 of 2nd period - Stopped by Maxime Lagace without a rebound.
12:15 of 2nd period - Aidan Dudas wins face-off versus Joseph Gambardella in Wild zone.
12:15 of 2nd period - Aidan Dudas is hit by Jalen Chatfield.
12:37 of 2nd period - Shot by Tanner Pearson.
12:37 of 2nd period - Shot Misses the Net.
12:41 of 2nd period - Shot by Tanner Pearson.
12:41 of 2nd period - Stopped by Justus Annunen with a rebound.
12:43 of 2nd period - Shot by Tanner Pearson.
12:43 of 2nd period - Stopped by Justus Annunen with a rebound.
12:45 of 2nd period - Shot by Joseph Gambardella.
12:45 of 2nd period - Shot Misses the Net.
13:32 of 2nd period - Shot by Tyler Benson.
13:32 of 2nd period - Shot Blocked by Connor Hobbs.
13:34 of 2nd period - Shot by Jack Ahcan.
13:34 of 2nd period - Stopped by Maxime Lagace without a rebound.
13:35 of 2nd period - Lukas Jasek wins face-off versus Sasha Chmelevski in Wild zone.
14:25 of 2nd period - Icing by Michael Mersch.
14:26 of 2nd period - Jeremy Gregoire wins face-off versus Tyler Benson in Wild zone.
14:56 of 2nd period - Shot by Jack Ahcan.
14:56 of 2nd period - Shot Blocked by Jalen Chatfield.
14:58 of 2nd period - Shot by Jack Dugan.
14:58 of 2nd period - Goal by Jack Dugan - Griffins : 2 - Wild : 2.
14:59 of 2nd period - Danick Martel wins face-off versus Aidan Dudas in neutral zone.
15:06 of 2nd period - Shot by Danick Martel.
15:06 of 2nd period - Deflect By Anthony Louis.
15:06 of 2nd period - Stopped by Justus Annunen without a rebound.
15:07 of 2nd period - Sasha Chmelevski wins face-off versus Danick Martel in Griffins zone.
15:22 of 2nd period - Shot by Sasha Chmelevski.
15:22 of 2nd period - Shot Misses the Net.
15:30 of 2nd period - Jake Walman is hit by Danick Martel and loses puck.
15:41 of 2nd period - Shot by Taylor Raddysh.
15:41 of 2nd period - Shot Misses the Net.
15:45 of 2nd period - Shot by Anthony Louis.
15:45 of 2nd period - Shot Misses the Net.
15:47 of 2nd period - Shot by Anthony Louis.
15:47 of 2nd period - Stopped by Justus Annunen without a rebound.
15:48 of 2nd period - Tyler Benson wins face-off versus Joseph Gambardella in Griffins zone.
16:48 of 2nd period - Off-side.
16:49 of 2nd period - Danick Martel wins face-off versus Sasha Chmelevski in neutral zone.
17:06 of 2nd period - Shot by Anthony Louis.
17:06 of 2nd period - Shot Blocked by Jake Walman.
18:59 of 2nd period - Jack Dugan is hit by Jalen Chatfield and loses puck.
19:24 of 2nd period - Shot by Shane Gersich.
19:24 of 2nd period - Stopped by Maxime Lagace without a rebound.
19:25 of 2nd period - Aidan Dudas wins face-off versus Danick Martel in Wild zone.
Goals for this period are 2 for Griffins vs 0 for Wild.
Shots for this period are 6 for Griffins vs 18 for Wild.

3rd period


0:01 of 3rd period - Marc McLaughlin wins face-off versus Joseph Gambardella in neutral zone.
0:06 of 3rd period - Tanner Pearson is hit by Nick Merkley and loses puck.
0:25 of 3rd period - Shot by Nick Merkley.
0:25 of 3rd period - Shot Misses the Net.
0:49 of 3rd period - Icing by Marc McLaughlin.
0:50 of 3rd period - Danick Martel wins face-off versus Marc McLaughlin in Griffins zone.
1:23 of 3rd period - Shot by Anthony Louis.
1:23 of 3rd period - Deflect By Danick Martel.
1:23 of 3rd period - Shot Blocked by Sasha Chmelevski.
2:27 of 3rd period - Icing by Gabriel Carlsson.
2:28 of 3rd period - Sasha Chmelevski wins face-off versus Anders Bjork in Griffins zone.
2:45 of 3rd period - Shot by Joseph Gambardella.
2:45 of 3rd period - Stopped by Justus Annunen without a rebound.
2:46 of 3rd period - Marc McLaughlin wins face-off versus Lukas Jasek in Griffins zone.
3:07 of 3rd period - Shot by Lukas Jasek.
3:07 of 3rd period - Stopped by Justus Annunen with a rebound.
3:11 of 3rd period - Shot by Tanner Pearson.
3:11 of 3rd period - Shot Misses the Net.
3:13 of 3rd period - Shot by Dillon Simpson.
3:13 of 3rd period - Stopped by Justus Annunen without a rebound.
3:14 of 3rd period - Aidan Dudas wins face-off versus Jeremy Gregoire in Griffins zone.
3:27 of 3rd period - Shot by Parker Wotherspoon.
3:27 of 3rd period - Shot Misses the Net.
3:30 of 3rd period - Icing by Ben Thomas.
3:31 of 3rd period - Tyler Benson wins face-off versus Jeremy Gregoire in Wild zone.
3:40 of 3rd period - Shot by Nick Merkley.
3:40 of 3rd period - Deflect By Tyler Benson.
3:40 of 3rd period - Shot Misses the Net.
3:42 of 3rd period - Shot by Jake Walman.
3:42 of 3rd period - Shot Blocked by Ben Thomas.
3:44 of 3rd period - Shot by Tyler Benson.
3:44 of 3rd period - Stopped by Maxime Lagace without a rebound.
3:45 of 3rd period - Anders Bjork wins face-off versus Aidan Dudas in Wild zone.
4:02 of 3rd period - Tanner Pearson is hit by Marc McLaughlin and loses puck.
4:39 of 3rd period - Shot by Danick Martel.
4:39 of 3rd period - Deflect By Taylor Raddysh.
4:39 of 3rd period - Shot Misses the Net.
4:41 of 3rd period - Shot by Anthony Louis.
4:41 of 3rd period - Shot Misses the Net.
4:43 of 3rd period - Shot by Anthony Louis.
4:43 of 3rd period - Shot Misses the Net.
5:27 of 3rd period - Shot by Kasper Bjorkqvist.
5:27 of 3rd period - Shot Misses the Net.
5:29 of 3rd period - Shot by Michael Mersch.
5:29 of 3rd period - Shot Misses the Net.
5:39 of 3rd period - Shot by Ben Thomas.
5:39 of 3rd period - Stopped by Justus Annunen without a rebound.
5:40 of 3rd period - Ryan Kuffner wins face-off versus Sasha Chmelevski in Griffins zone.
5:49 of 3rd period - Shot by Lukas Jasek.
5:49 of 3rd period - Shot Misses the Net.
5:51 of 3rd period - Shot by Dillon Simpson.
5:51 of 3rd period - Stopped by Justus Annunen with a rebound.
5:53 of 3rd period - Shot by Dillon Simpson.
5:53 of 3rd period - Stopped by Justus Annunen with a rebound.
5:55 of 3rd period - Shot by Dillon Simpson.
5:55 of 3rd period - Shot Misses the Net.
5:57 of 3rd period - Shot by Dillon Simpson.
5:57 of 3rd period - Stopped by Justus Annunen without a rebound.
5:58 of 3rd period - Jeremy Gregoire wins face-off versus Tyler Benson in Griffins zone.
6:06 of 3rd period - Off-side.
6:07 of 3rd period - Joseph Gambardella wins face-off versus Shane Gersich in neutral zone.
6:12 of 3rd period - Jake Walman is hit by Anders Bjork and loses puck.
6:29 of 3rd period - Shot by Anders Bjork.
6:29 of 3rd period - Shot Blocked by Shane Gersich.
6:34 of 3rd period - Icing by Jake Walman.
6:35 of 3rd period - Taylor Raddysh wins face-off versus Sasha Chmelevski in Griffins zone.
6:55 of 3rd period - Shot by Alexander Volkov.
6:55 of 3rd period - Deflect By Sasha Chmelevski.
6:55 of 3rd period - Shot Misses the Net.
7:21 of 3rd period - Icing by Dillon Simpson.
7:22 of 3rd period - Tyler Benson wins face-off versus Danick Martel in Wild zone.
8:15 of 3rd period - Shot by Anders Bjork.
8:15 of 3rd period - Shot Blocked by Jack Ahcan.
8:53 of 3rd period - Shot by Pavel Dorofeyev.
8:53 of 3rd period - Stopped by Maxime Lagace without a rebound.
8:54 of 3rd period - Sasha Chmelevski wins face-off versus Jeremy Gregoire in Wild zone.
9:12 of 3rd period - Icing by Ben Thomas.
9:13 of 3rd period - Aidan Dudas wins face-off versus Michael Mersch in Wild zone.
9:42 of 3rd period - Shot by Kasper Bjorkqvist.
9:42 of 3rd period - Shot Misses the Net.
9:44 of 3rd period - Shot by Kasper Bjorkqvist.
9:44 of 3rd period - Shot Misses the Net.
10:13 of 3rd period - Icing by Jalen Chatfield.
10:14 of 3rd period - Tyler Benson wins face-off versus Lukas Jasek in Wild zone.
10:27 of 3rd period - Shot by Tanner Pearson.
10:27 of 3rd period - Shot Blocked by Jack Ahcan.
10:29 of 3rd period - Shot by Lukas Jasek.
10:29 of 3rd period - Goal by Lukas Jasek - Griffins : 2 - Wild : 3.
10:30 of 3rd period - Sasha Chmelevski wins face-off versus Danick Martel in neutral zone.
10:30 of 3rd period - Alexander Volkov is hit by Danick Martel and loses puck.
10:34 of 3rd period - Jake Walman is hit by Ben Gleason and loses puck.
10:39 of 3rd period - Shot by Shane Gersich.
10:39 of 3rd period - Stopped by Maxime Lagace without a rebound.
10:40 of 3rd period - Jeremy Gregoire wins face-off versus Tyler Benson in Wild zone.
10:50 of 3rd period - Tyler Benson is hit by Connor Hobbs and loses puck.
11:15 of 3rd period - Shot by Tyler Benson.
11:15 of 3rd period - Shot Misses the Net.
11:17 of 3rd period - Shot by Nick Merkley.
11:17 of 3rd period - Stopped by Maxime Lagace with a rebound.
11:19 of 3rd period - Shot by Tyler Benson.
11:19 of 3rd period - Stopped by Maxime Lagace without a rebound.
11:20 of 3rd period - Sasha Chmelevski wins face-off versus Joseph Gambardella in Wild zone.
11:25 of 3rd period - Shot by Alexander Volkov.
11:25 of 3rd period - Stopped by Maxime Lagace without a rebound.
11:26 of 3rd period - Sasha Chmelevski wins face-off versus Joseph Gambardella in Wild zone.
11:32 of 3rd period - Minor Penalty to Shane Gersich for Slashing.
11:33 of 3rd period - Marc McLaughlin wins face-off versus Joseph Gambardella in Griffins zone.
11:33 of 3rd period - Marc McLaughlin is hit by Tanner Pearson.
11:47 of 3rd period - Marc McLaughlin is hit by Tanner Pearson and loses puck.
11:56 of 3rd period - Shot by Joseph Gambardella.
11:56 of 3rd period - Shot Misses the Net.
12:08 of 3rd period - Shot by Tanner Pearson.
12:08 of 3rd period - Stopped by Justus Annunen without a rebound.
12:09 of 3rd period - Nick Merkley wins face-off versus Danick Martel in Griffins zone.
12:20 of 3rd period - Marc McLaughlin is hit by Danick Martel and loses puck.
13:34 of 3rd period - Minor Penalty to Eemeli Rasanen for Hooking.
13:35 of 3rd period - Sasha Chmelevski wins face-off versus Tanner Pearson in Wild zone.
13:40 of 3rd period - Shot by Shane Gersich.
13:40 of 3rd period - Shot Misses the Net.
14:10 of 3rd period - Anders Bjork is hit by Alexander Volkov and loses puck.
14:29 of 3rd period - Shot by Tyler Benson.
14:29 of 3rd period - Deflect By Nick Merkley.
14:29 of 3rd period - Stopped by Maxime Lagace without a rebound.
14:30 of 3rd period - Marc McLaughlin wins face-off versus Tanner Pearson in Wild zone.
14:49 of 3rd period - Shot by Marc McLaughlin.
14:49 of 3rd period - Shot Misses the Net.
15:03 of 3rd period - Shot by Tanner Pearson.
15:03 of 3rd period - Shot Misses the Net.
15:07 of 3rd period - Shot by Anders Bjork.
15:07 of 3rd period - Stopped by Justus Annunen without a rebound.
15:08 of 3rd period - Sasha Chmelevski wins face-off versus Tanner Pearson in Griffins zone.
15:12 of 3rd period - Off-side.
15:13 of 3rd period - Sasha Chmelevski wins face-off versus Tanner Pearson in neutral zone.
15:18 of 3rd period - Shot by Shane Gersich.
15:18 of 3rd period - Stopped by Maxime Lagace with a rebound.
15:24 of 3rd period - Shot by Jacob Larsson.
15:24 of 3rd period - Stopped by Maxime Lagace without a rebound.
15:25 of 3rd period - Sasha Chmelevski wins face-off versus Joseph Gambardella in Wild zone.
15:49 of 3rd period - Shot by Aidan Dudas.
15:49 of 3rd period - Stopped by Maxime Lagace without a rebound.
15:50 of 3rd period - Tyler Benson wins face-off versus Danick Martel in Wild zone.
16:01 of 3rd period - Shot by Anthony Louis.
16:01 of 3rd period - Shot Blocked by Jake Walman.
16:03 of 3rd period - Shot by Anthony Louis.
16:03 of 3rd period - Deflect By Danick Martel.
16:03 of 3rd period - Shot Hit the Post.
16:05 of 3rd period - Shot by Connor Hobbs.
16:05 of 3rd period - Shot Misses the Net.
16:15 of 3rd period - Minor Penalty to Taylor Raddysh for Delaying the game.
16:16 of 3rd period - Alexander Volkov wins face-off versus Tanner Pearson in Wild zone.
16:17 of 3rd period - Shot by Jack Ahcan.
16:17 of 3rd period - Shot Misses the Net.
16:19 of 3rd period - Shot by Alexander Volkov.
16:19 of 3rd period - Shot Misses the Net.
16:23 of 3rd period - Shot by Gabriel Carlsson.
16:23 of 3rd period - Shot Misses the Net.
16:25 of 3rd period - Shot by Shane Gersich.
16:25 of 3rd period - Goal by Shane Gersich - Griffins : 3 - Wild : 3.
16:26 of 3rd period - Marc McLaughlin wins face-off versus Joseph Gambardella in neutral zone.
16:47 of 3rd period - Off-side.
16:48 of 3rd period - Anthony Louis wins face-off versus Sasha Chmelevski in neutral zone.
17:13 of 3rd period - Shot by Shane Gersich.
17:13 of 3rd period - Shot Misses the Net.
17:15 of 3rd period - Shot by Sasha Chmelevski.
17:15 of 3rd period - Shot Blocked by Ben Gleason.
17:17 of 3rd period - Shot by Gabriel Carlsson.
17:17 of 3rd period - Stopped by Maxime Lagace without a rebound.
17:18 of 3rd period - Marc McLaughlin wins face-off versus Joseph Gambardella in Wild zone.
17:18 of 3rd period - Marc McLaughlin is hit by Jalen Chatfield.
17:26 of 3rd period - Shot by Jake Walman.
17:26 of 3rd period - Stopped by Maxime Lagace without a rebound.
17:27 of 3rd period - Joseph Gambardella wins face-off versus Marc McLaughlin in Wild zone.
18:24 of 3rd period - Icing by Dillon Simpson.
18:25 of 3rd period - Joseph Gambardella wins face-off versus Sasha Chmelevski in Wild zone.
18:25 of 3rd period - Joseph Gambardella is hit by Alexander Volkov.
18:37 of 3rd period - Shot by Sasha Chmelevski.
18:37 of 3rd period - Shot Misses the Net.
18:39 of 3rd period - Shot by Sasha Chmelevski.
18:39 of 3rd period - Shot Misses the Net.
18:41 of 3rd period - Shot by Alexander Volkov.
18:41 of 3rd period - Stopped by Maxime Lagace without a rebound.
18:42 of 3rd period - Sasha Chmelevski wins face-off versus Danick Martel in Wild zone.
18:50 of 3rd period - Icing by Ben Gleason.
18:51 of 3rd period - Danick Martel wins face-off versus Aidan Dudas in Wild zone.
19:10 of 3rd period - Marc McLaughlin is hit by Ben Gleason and loses puck.
19:29 of 3rd period - Shot by Anthony Louis.
19:29 of 3rd period - Stopped by Justus Annunen without a rebound.
19:30 of 3rd period - Jeremy Gregoire wins face-off versus Sasha Chmelevski in Griffins zone.
19:31 of 3rd period - Shot by Kasper Bjorkqvist.
19:31 of 3rd period - Stopped by Justus Annunen with a rebound.
19:34 of 3rd period - Icing by Jacob Larsson.
19:35 of 3rd period - Jeremy Gregoire wins face-off versus Sasha Chmelevski in Griffins zone.
19:35 of 3rd period - Jeremy Gregoire is hit by Jake Walman.
19:40 of 3rd period - Icing by Jacob Larsson.
19:41 of 3rd period - Sasha Chmelevski wins face-off versus Joseph Gambardella in Griffins zone.
19:43 of 3rd period - Jacob Larsson is hit by Tanner Pearson and loses puck.
19:56 of 3rd period - Shot by Tanner Pearson.
19:56 of 3rd period - Goal by Tanner Pearson - Griffins : 3 - Wild : 4.
19:57 of 3rd period - Joseph Gambardella wins face-off versus Marc McLaughlin in neutral zone.
Goals for this period are 1 for Griffins vs 2 for Wild.
Shots for this period are 14 for Griffins vs 13 for Wild.